 Dungeon Crawl Stone Soup version 0.28-a0-1555-g9ae15a6949 (webtiles) character file.

Game seed: 15003986708151934779

114 buddhastalin the Cutter (level 5, 0/49 HPs)
             Began as a Kobold Berserker on Jan 18, 2022.
             Was a Believer of Trog.
             Killed from afar by Ijyb (9 damage)
             ... with a puff of flame
             ... on level 3 of the Dungeon.
             The game lasted 00:03:35 (3214 turns).

buddhastalin the Cutter (Kobold Berserker)          Turns: 3214, Time: 00:03:36

Health: 0/49       AC:  3    Str: 17    XL:     5   Next: 18%
Magic:  1/1        EV: 15    Int:  8    God:    Trog [**....]
Gold:   62         SH:  0    Dex: 14    Spells: 4/4 levels left

rFire   . . .      SeeInvis .   a - +0 dagger (antimagic)
rCold   . . .      Faith    .   (no shield)
rNeg    . . .      Spirit   .   b - +0 animal skin
rPois   .          Reflect  .   k - +0 helmet
rElec   .          Harm     .   (no cloak)
rCorr   .          Rampage  .   (no gloves)
Will    .....                   (no boots)
Stlth   ..........              (no amulet)
HPRegen 0.16/turn               (no ring)
MPRegen 0.07/turn               (no ring)

@: berserking, very quick
A: small, no large weapons, nightstalker 3
a: Renounce Religion, Berserk, Trog's Hand


You were on level 3 of the Dungeon.
You worshipped Trog.
Trog was pleased with you.
You visited 1 branch of the dungeon, and saw 3 of its levels.

You collected 62 gold pieces.

Inventory:

Hand Weapons
 a - a +0 antimagic dagger (weapon)
Armour
 b - a +0 animal skin (worn)
 k - a +0 helmet (worn)
Jewellery
 f - a +6 ring of strength
Wands
 e - a wand of iceblast (10)
Scrolls
 c - 2 scrolls of identify {unknown}
 d - a scroll of vulnerability {unknown}
 i - a scroll of fear {unknown}
 l - a scroll of brand weapon {unknown}
Potions
 g - a potion of mutation {unknown}
 h - 2 potions of magic {unknown}
 j - 2 potions of curing {unknown}


   Skills:
 + Level 4.1 Fighting
 * Level 5.8 Short Blades
 - Level 1.5 Armour
 + Level 3.6 Dodging


You had 4 spell levels left.
You didn't know any spells.
Your spell library was empty.

Dungeon Overview and Level Annotations

Branches:
Dungeon (3/15)

Altars:

Annotations:
D:3 3 runed translucent doors, Grognak's ghost, amateur MiBe; Ijyb


Innate Abilities, Weirdness & Mutations

You are small and have problems with some larger weapons.
You are completely attuned to the shadows.


Message History

Found a whip and 8 large rocks.
There is a stone staircase leading up here.
l - a scroll labelled PURONK IPSIG
Found a whip.
You see here a +0 whip.
You open the door.
There is an open door here.
A kobold comes into view. It is wielding a +0 dagger.
The helpless kobold fails to defend itself.
You puncture the kobold!
You kill the kobold!
Trog accepts your kill.
You see here a +0 dagger.
You now have 62 gold pieces (gained 13).
Ijyb the Twisted Goblin comes into view.
She is wielding a +0 club, wearing a +2 leather armour of willpower and carrying a wand of flame (17).
Ijyb closely misses you.
You completely miss Ijyb.
Ijyb zaps a wand.
The puff of flame hits you!
You closely miss Ijyb. Ijyb closely misses you.
You hit Ijyb but do no damage. You hit Ijyb but do no damage. Ijyb misses you.
You closely miss Ijyb.
Ijyb zaps a wand.
The puff of flame hits you.
You closely miss Ijyb.
Ijyb zaps a wand.
The puff of flame hits you!
You are too injured to fight recklessly!
A red film seems to cover your vision as you go berserk!
You feel yourself moving faster!
You feel mighty! Ijyb misses you.
You hit Ijyb but do no damage. You closely miss Ijyb.
You punch Ijyb, but do no damage. Ijyb hits you with a +0 club.
* * * LOW HITPOINT WARNING * * *
You hit Ijyb.
Ijyb is moderately wounded.
You hit Ijyb.
Ijyb is moderately wounded.
Ijyb barely misses you.
You puncture Ijyb!
Ijyb is severely wounded.
You hit Ijyb.
Ijyb is severely wounded.
Ijyb zaps a wand.
The puff of flame hits you!
You die...

#.# #.# #.# . #.#
...#.# ...#.##
......# #
####..#########.#
............@g.#
####.....#######
#..##.# #..##.#
#..##.# #.# #.#
..#


You could see Ijyb.

Vanquished Creatures
  Jessica (D:2)
  Robin (D:2)
  3 dart slugs
  An orc (D:2)
  4 ball pythons
  3 endoplasms
  A giant cockroach (D:1)
  10 goblins
  9 hobgoblins
  9 jackals
  5 kobolds
  4 quokkas
  3 bats
  2 frilled lizards
  5 rats
61 creatures vanquished.

Notes
Turn   | Place    | Note
-------+----------+-------------------------------------------
     0 | D:1      | buddhastalin the Kobold Berserker began the quest for the
                  | Orb.
     0 | D:1      | Reached XP level 1. HP: 14/14 MP: 1/1
   104 | D:1      | Reached XP level 2. HP: 9/19 MP: 2/2
   520 | D:1      | You fall into a shaft and drop 1 floor!
   522 | D:2      | Noticed Jessica
   530 | D:2      | Killed Jessica
   531 | D:2      | Reached skill level 5 in Short Blades
   531 | D:2      | Reached XP level 3. HP: 20/24 MP: 3/3
   637 | D:2      | Reached XP level 4. HP: 28/29 MP: 4/4
  1627 | D:1      | Reached ** piety under Trog
  2698 | D:2      | Noticed Robin
  2703 | D:2      | Reached XP level 5. HP: 33/33 MP: 1/5
  2716 | D:2      | Killed Robin
  3120 | D:3      | Noticed Grognak's ghost (amateur MiBe)
  3120 | D:3      | Found a runed translucent gate.
  3120 | D:3      | Found a runed translucent gate.
  3120 | D:3      | Found a runed translucent gate.
  3199 | D:3      | Noticed Ijyb
  3214 | D:3      | Killed from afar by Ijyb

Illustrated notes

Levels and vault maps discovered:
D:1:      elethiomel_arrival_infinity_welcomes_careful_drivers,
          layout_loops_corners
D:2:      layout_basic, uniq_robin, uniq_jessica
D:3:      layout_basic, basic_ecumenical_altar, ebering_ghost_rock_garden,
          uniq_ijyb

Skill      XL: |  1  2  3  4 |
---------------+-------------+-----
Short Blades   | 5 |  5.8
Dodging        | 3 |  3.6
Fighting       | 4 |  4.1
Armour         | |  1.5

Action                   |  1- 3 |  4- 6 || total
-------------------------+-------+-------++-------
Melee: Short sword       |    60 |    65 ||   125
       Dagger            |       |    96 ||    96
       Punch             |       |     2 ||     2
Invok: Berserk           |       |     2 ||     2
 Stab: Sleeping          |     5 |    10 ||    15
Armor: Animal skin       |     6 |    13 ||    19
Dodge: Dodged            |    25 |    80 ||   105

Table legend: (Time is in decaauts)
 A = Elapsed time spent in this place.
 B = Non-inter-level travel time spent in this place.
 C = Inter-level travel time spent in this place.
 D = Time resting spent in this place.
 E = Time spent auto-exploring this place.
 F = Levels seen in this place.
 G = Mean time per level.
                   A        B        C        D        E       F      G
               +--------+--------+--------+--------+--------+-----+--------+
         Total |   3178 |   3107 |     71 |    864 |   1860 |   3 | 1059.3 |
       Dungeon |   3178 |   3107 |     71 |    864 |   1860 |   3 | 1059.3 |
               +--------+--------+--------+--------+--------+-----+--------+

Top non-repeatable levels by time:
     D:2: 1615 daAuts
     D:1: 1473 daAuts
     D:3: 89 daAuts
